 Seeded DCSS version 0.30-a0-137-gd8773701ce (webtiles) character file.

Game seed: 20220920 (custom seed)

62449 flotson the Cleaver (level 14, -37/114 HPs)
             Began as a Demonspawn Delver on Sept 20, 2022.
             Was an Initiate of Gozag.
             Annihilated by a titanic slime creature (64 damage)
             ... on level 12 of the Dungeon on Sept 21, 2022.
             The game lasted 00:40:54 (21500 turns).

flotson the Cleaver (Demonspawn Delver)            Turns: 21500, Time: 00:40:56

Health: -37/114    AC: 24    Str: 24    XL:     14   Next: 64%
Magic:  0/14       EV: 12    Int: 11    God:    Gozag
Gold:   3780       SH: 24    Dex: 15    Spells: 13/13 levels left

rFire   . . .      SeeInvis .    a - +8 broad axe of the Burning God {flame, +Blink rElec rN+ Stlth-}
rCold   . . .      Faith    .    B - +0 tower shield
rNeg    + . .      Spirit   +    h - +0 swamp dragon scales
rPois   +          Reflect  +    e - +1 helmet
rElec   +          Harm     .    I - +0 cloak
rCorr   .          Rampage  .    E - +4 pair of gloves of the Sharing Gods {*Corrode Fly rElec Stlth+}
Will    +....                    (boots unavailable)
Stlth   ++........               F - amulet of reflection
HPRegen 0.29/turn                V - +4 ring of slaying
MPRegen 0.28/turn                k - +6 ring of strength

@: flying, studying 2 skills
A: hooves 3, thin metallic scales 1, icemail 1, magic shield, magic
regeneration, condensation shield, bedeviling
a: Renounce Religion, Evoke Blink, Potion Petition, Call Merchant, Bribe Branch


You were on level 12 of the Dungeon.
You worshipped Gozag.
Gozag was most pleased with you.
You visited 3 branches of the dungeon, and saw 18 of its levels.
You also visited: Bailey and Ice Cave.

You collected 4818 gold pieces.
You spent 903 gold pieces at shops.
You paid 135 gold pieces to Gozag.

Inventory:

Hand Weapons
 a - the +8 broad axe of the Burning God (weapon) {flame, +Blink rElec rN+ Stlth-}
   (You bought it in a shop on level 3 of the Dungeon)

   It burns those it strikes, dealing additional fire damage.
   Big, fiery blades are also staple armaments of hydra-hunters.
   rElec:     It insulates you from electricity.
   rN:        It protects you from negative energy.
   +Blink:    It lets you blink.
   Stlth:     It makes you less stealthy.
 b - the +3 sling "Pigui" {freeze, Int+3 Dex+4}
   (You found it on level 12 of the Dungeon)

   Any ammunition fired from it freezes those it strikes, dealing additional
   cold damage.
   It can also slow down cold-blooded creatures.
   Int:       It affects your intelligence (+3).
   Dex:       It affects your dexterity (+4).
 l - a +0 trident
Missiles
 j - 91 poisoned darts (quivered)
 r - 3 throwing nets
 w - 4 atropa-tipped darts
 D - 2 datura-tipped darts
 P - 7 boomerangs
Armour
 e - a +1 helmet (worn)
 h - +0 swamp dragon scales (worn)
 q - a +0 crystal plate armour
 B - a +0 tower shield (worn)
 E - the +4 pair of gloves of the Sharing Gods (worn) {*Corrode Fly rElec Stlth+}
   (You acquired it on level 5 of the Lair of Beasts)

   rElec:     It insulates you from electricity.
   Fly:       It grants you flight.
   *Corrode:  It may corrode you when you take damage.
   Stlth:     It makes you more stealthy.
 I - a +0 cloak (worn)
Jewellery
 k - a +6 ring of strength (right hand)
 n - a +6 ring of dexterity
 F - an amulet of reflection (around neck)
 N - a ring of flight
 S - a ring of protection from fire
 T - an amulet of the acrobat
 V - a +4 ring of slaying (left hand)
Wands
 g - a wand of digging (11)
 m - a wand of mindburst (25)
 G - a wand of paralysis (24)
 J - a wand of flame (7)
 O - a wand of quicksilver (3)
Scrolls
 c - 5 scrolls of fog
 d - 3 scrolls of immolation
 p - a scroll of summoning {unknown}
 s - 3 scrolls of vulnerability
 t - 4 scrolls of teleportation
 v - 3 scrolls of torment
 y - 2 scrolls of enchant armour
 C - 4 scrolls of enchant weapon
 M - a scroll of poison {unknown}
Potions
 f - 3 potions of haste
 i - 2 potions of lignification
 o - 10 potions of curing
 u - 4 potions of ambrosia
 x - 2 potions of attraction
 z - 4 potions of mutation
 A - a potion of cancellation
 H - 4 potions of berserk rage
 K - 6 potions of heal wounds
 R - 3 potions of might
Miscellaneous
 W - a phial of floods


   Skills:
 + Level 11.7 Fighting
 * Level 14.3 Axes
 + Level 0.2 Ranged Weapons
 - Level 8.0 Throwing
 + Level 8.2 Armour
 + Level 8.4 Dodging
 - Level 4.5 Stealth
 + Level 8.0 Shields
 + Level 8.9 Evocations


You had 13 spell levels left.
You didn't know any spells.
Your spell library contained the following spells:

 Spells                   Type           Power      Damage    Failure   Level
 Shock                    Conj/Air       0%         1d3       99%         1
 Call Canine Familiar     Summ           0%         N/A       100%        3
 Gell's Gravitas          Tloc           0%         N/A       100%        3
 Lesser Beckoning         Tloc           0%         N/A       100%        3
 Ozocubu's Armour         Ice            0%         N/A       100%        3
 Portal Projectile        Hex/Tloc       0%         N/A       100%        3
 Swiftness                Air            0%         N/A       100%        3
 Teleport Other           Tloc           0%         N/A       100%        3
 Tukima's Dance           Hex            0%         N/A       100%        3
 Airstrike                Air            0%         2d(0-16)  100%        4
 Leda's Liquefaction      Hex/Erth       0%         N/A       100%        4
 Passage of Golubria      Tloc           0%         N/A       100%        4
 Summon Ice Beast         Ice/Summ       0%         N/A       100%        4
 Summon Mana Viper        Hex/Summ       0%         N/A       100%        5
 Yara's Violent Unravell  Hex/Tmut       0%         3d3       100%        5
 Summon Cactus Giant      Summ           0%         N/A       100%        6
 Malign Gateway           Summ/Tloc      0%         N/A       100%        7
 Monstrous Menagerie      Summ           0%         N/A       100%        7
 Ozocubu's Refrigeration  Ice            0%         4d7       100%        7


Dungeon Overview and Level Annotations

Branches:
Dungeon (12/15)            Temple (1/1) D:7            Lair (5/5) D:11
 Shoals (0/4) Lair:2       Spider (0/4) Lair:3        Slime (0/5) Lair:5
    Orc (0/2) D:12         Bailey (visited)           IceCv (visited)

Altars:
Ashenzari
Cheibriados
Dithmenos
Fedhas
Gozag
Kikubaaqudgha
Makhleb
Nemelex Xobeh
Okawaru
Qazlal
Ru
Sif Muna
Trog
Uskayaw
Vehumet
Wu Jian
Xom
Yredelemnul
Jiyva

Shops:
D:3 (   D:8 (   D:9 !


Innate Abilities, Weirdness & Mutations

You have hooves in place of feet.
You are partially covered in thin metallic scales. (AC +2)
A meltable icy envelope protects you from harm. (AC +4)
When hurt, damage is shared between your health and your magic reserves.
You regenerate magic rapidly.
A meltable shield of frost defends you. (SH +4)
Your hexes are more powerful.


Message History

The enormous slime creature misses you.
You slice the enormous slime creature!! You burn the enormous slime creature.
The enormous slime creature is severely wounded.
You block the enormous slime creature's attack.
Two slime creatures merge to form a titanic slime creature.
Two slime creatures merge to form a large slime creature.
You slash the titanic slime creature! You burn the titanic slime creature.
The titanic slime creature is severely wounded.
You block the titanic slime creature's attack.
You hit the titanic slime creature. You burn the titanic slime creature.
You kick the titanic slime creature!
The titanic slime creature is severely wounded.
Two slime creatures merge to form a very large slime creature.
The titanic slime creature hits you!!!
Ouch! That really hurt!
The titanic slime creature attacks as you move away!
You block the titanic slime creature's attack.
Two slime creatures merge to form an enormous slime creature.
The titanic slime creature attacks as you move away!
You block the titanic slime creature's attack.
You are no longer corroded.
The titanic slime creature attacks as you move away!
The titanic slime creature closely misses you.
The titanic slime creature attacks as you move away!
The titanic slime creature hits you!!!
* * * LOW HITPOINT WARNING * * *
The titanic slime creature hits you but does no damage.
Keep disrobing?
You start removing your amulet.
You continue taking off your amulet of reflection.
You block the titanic slime creature's attack.
You continue taking off your amulet of reflection.
You block the titanic slime creature's attack.
You continue taking off your amulet of reflection.
The titanic slime creature barely misses you.
You continue taking off your amulet of reflection.
The titanic slime creature hits you!!!
Ouch! That really hurt!
You die...
Your body crumbles into a pile of gold.

..>.######......#.######.......#
....# #......#....>.'.......##
....# #.>....########.......#.
....# #..#+### #.......'. ...^#
##.# ## ############ .####
##.######.##..####### .# ###
#..#..# #.#....##..### .#
#.###....####..###.##.#=J. ###
#.##...#.@#...J.#.#...J##. ..#
#.####...#J##.##..##..###. ..#
#.##.#.##...#..##...J...#. ..#
###.# #.....#.#.#...###(.##
P.####.'.##...#..#.....#.##.###
P.##...#.####.##..#..)#.#..##.#
P....###.# ###.#..#......#...#
P.#### #.# #.#..#.>#.#..#..##
P## #.#####.##....#.#..#...#


You could see a titanic slime creature.

Vanquished Creatures
  Gastronok (D:11)
  A reaper (IceCv)
  The ghost of ragingrage the Marksfrog, a journeyman BaHu of Hepliaklqana (Lair:1)
  3 hydras
  A merfolk avatar (Lair:5)
  2 boulder beetles
  2 centaur warriors (D:11)
  A catoblepas (Lair:2)
  7 two-headed ogres
  11 death yaks
  The ghost of logorrheac the Fighter, a novice GnWn (D:10)
  A sea snake (Lair:5)
  An orc knight (Bailey)
  A lindwurm (Lair:4)
  2 ugly things
  5 elephants
  3 manticores (Lair:5)
  A cyclops (D:11)
  2 ice statues (IceCv)
  6 black mambas
  12 cane toads
  A merfolk siren (Lair:2)
  A torpor snail (Lair:5)
  Maggie (D:9)
  9 rime drakes
  7 komodo dragons
  7 ice devils (IceCv)
  A meliai (Lair:2)
  3 trolls
  Prince Ribbit (D:7)
  4 polar bears
  3 hornets
  2 wind drakes (Lair:5)
  8 blink frogs
  5 dream sheep (Lair:5)
  5 slime creatures (D:12)
  A snapping turtle (Lair:5)
  4 wraiths
  5 wyverns
  A shadow (D:11)
  13 yaks
  4 basilisks
  4 steam dragons
  6 vampire mosquitoes
  Menkaure (D:4)
  A harpy simulacrum (IceCv)
  A naga (shapeshifter) (D:10)
  Edmund (D:4)
  Duvessa (D:7)
  19 water moccasins
  A hydra simulacrum (IceCv)
  2 sky beasts
  4 acid dragons
  13 orc warriors
  2 ice beasts
  3 black bears
  2 ogres
  9 wolves
  4 phantoms
  6 centaurs
  9 bullfrogs
  5 kobold brigands
  A gnoll sergeant (D:10)
  2 scorpions
  A necrophage (D:4)
  2 cane toad simulacra (IceCv)
  14 wights
  Dowan (D:7)
  9 killer bees
  3 troll zombies (D:12)
  2 elephant simulacra (IceCv)
  A vampire bat (Lair:1)
  10 howler monkeys
  2 hounds
  4 orc priests
  A gnoll bouda (D:6)
  A jelly (D:6)
  An iguana (D:6)
  6 orc wizards
  4 spriggan simulacra (IceCv)
  4 troll simulacra (IceCv)
  A polar bear simulacrum (IceCv)
  A wolf simulacrum (IceCv)
  3 ogre zombies (D:12)
  Robin (D:2)
  18 gnolls
  7 adders
  2 shadow imps
  5 white imps
  An ufetubus (D:5)
  A worm (D:2)
  2 dart slugs
  39 orcs
  4 ball pythons
  9 bats
  7 endoplasms
  2 giant cockroaches
  15 goblins
  6 hobgoblins
  5 jackals (D:1)
  5 quokkas
  4 frilled lizards
  A goblin skeleton (D:12)
  3 goblin zombies (D:12)
  2 hobgoblin zombies (D:12)
  26 kobolds
  3 orc skeletons (D:12)
  10 orc zombies (D:12)
  2 rats
  2 bushes (D:12)
501 creatures vanquished.

Vanquished Creatures (others)
  An orc wizard (D:8)
  2 kobolds
  25 fungi
  34 plants
62 creatures vanquished.

Grand Total: 563 creatures vanquished

Notes
Turn   | Place    | Note
-------+----------+-------------------------------------------
     0 | D:5      | flotson the Demonspawn Delver began the quest for the Orb.
     0 | D:5      | Reached XP level 1. HP: 18/18 MP: 1/1
     2 | D:5      | You fall into a shaft and drop 2 floors!
    28 | D:6      | Found a shadowy altar of Dithmenos.
   393 | D:4      | Found a sparkling altar of Nemelex Xobeh.
   395 | D:4      | Found an ancient bone altar of Kikubaaqudgha.
   395 | D:4      | Found a snail-covered altar of Cheibriados.
   421 | D:4      | Gained mutation: You regenerate magic rapidly. [demonic
                  | ancestry]
   421 | D:4      | Reached XP level 2. HP: 8/24 MP: 0/2
   653 | D:3      | Reached skill level 2 in Axes
   847 | D:2      | Reached skill level 1 in Evocations
  1015 | D:2      | Gained mutation: You have large cloven feet. [demonic
                  | ancestry]
  1015 | D:2      | Reached XP level 3. HP: 24/29 MP: 3/3
  1573 | D:1      | Found a faded altar of an unknown god.
  1728 | D:1      | Reached skill level 1 in Throwing
  1922 | D:1      | Reached skill level 1 in Armour
  2294 | D:2      | Noticed Robin
  2302 | D:2      | Gained mutation: A meltable shield of frost defends you.
                  | (SH +4) [demonic ancestry]
  2302 | D:2      | Reached XP level 4. HP: 24/35 MP: 1/4
  2303 | D:2      | Killed Robin
  3145 | D:3      | Found Agis Cia's Antique Weapon Boutique.
  3412 | D:3      | Gained mutation: A meltable icy envelope protects you from
                  | harm. (AC +4) [demonic ancestry]
  3412 | D:3      | Reached XP level 5. HP: 40/41 MP: 5/5
  3655 | D:4      | Reached skill level 1 in Shields
  3750 | D:4      | Noticed Menkaure
  3752 | D:4      | Killed Menkaure
  3753 | D:4      | Gained mutation: When hurt, damage is shared between your
                  | health and your magic reserves. [demonic ancestry]
  3753 | D:4      | Reached XP level 6. HP: 48/48 MP: 6/6
  3928 | D:4      | Reached skill level 3 in Axes
  3928 | D:4      | Reached XP level 7. HP: 33/54 MP: 5/7
  4078 | D:4      | Noticed Edmund
  4095 | D:4      | Killed Edmund
  4430 | D:5      | Found an iron altar of Okawaru.
  4790 | D:3      | Bought a transparent broad axe for 243 gold pieces
  4790 | D:3      | Identified the +8 broad axe of the Burning God {flame,
                  | +Blink rElec rN+ Stlth-} (You bought it in a shop on level
                  | 3 of the Dungeon)
  5077 | D:5      | Found a shimmering blue altar of Sif Muna.
  5315 | D:6      | Reached XP level 8. HP: 61/61 MP: 8/8
  5324 | D:6      | Reached skill level 4 in Axes
  5816 | D:7      | Reached skill level 5 in Fighting
  6018 | D:7      | Found a staircase to the Ecumenical Temple.
  6058 | Temple   | Entered the Ecumenical Temple
  6206 | Temple   | Became a worshipper of Gozag Ym Sagoz the Greedy
  6355 | D:7      | Reached skill level 5 in Axes
  6372 | D:7      | Noticed Duvessa
  6373 | D:7      | Noticed Dowan
  6377 | D:7      | Killed Duvessa
  6378 | D:7      | Reached XP level 9. HP: 61/68 MP: 9/9
  6379 | D:7      | Killed Dowan
  6420 | D:7      | Noticed Prince Ribbit
  6435 | D:7      | Killed Prince Ribbit
  6534 | D:8      | Found Ryuk's Antique Weapon Shop.
  6542 | D:8      | Bought a polished sling for 156 gold pieces
  6542 | D:8      | Identified the +1 sling "Sufe" {venom, rPois rC- rN+ Str+7}
                  | (You bought it in a shop on level 8 of the Dungeon)
  6548 | D:8      | Found a bloodstained altar of Trog.
  7024 | D:8      | Reached skill level 6 in Axes
  7457 | D:8      | Reached skill level 5 in Dodging
  7457 | D:8      | Reached skill level 5 in Evocations
  7657 | D:8      | Found an ornate altar of the Wu Jian Council.
  7774 | D:8      | Reached skill level 11 in Axes
  7774 | D:8      | Gained mutation: You have hoof-like feet. [demonic
                  | ancestry]
  7774 | D:8      | Reached XP level 10. HP: 76/76 MP: 10/10
  7794 | D:9      | Found Hokk's Distillery.
  7817 | D:9      | Found a shimmering altar of Xom.
  7881 | D:9      | Noticed Maggie
  7886 | D:9      | Noticed a two-headed ogre
  7889 | D:9      | Killed Maggie
  7890 | D:9      | Gained mutation: You are partially covered in thin metallic
                  | scales. (AC +2) [demonic ancestry]
  7890 | D:9      | Reached XP level 11. HP: 81/81 MP: 11/11
  7892 | D:9      | Killed a two-headed ogre
  7920 | D:9      | Found a flagged portal.
  7931 | Bailey   | Entered a bailey
  8348 | Bailey   | Noticed an orc knight
  8357 | Bailey   | Killed an orc knight
  8528 | D:9      | Noticed a two-headed ogre
  8535 | D:9      | Killed a two-headed ogre
  8536 | D:9      | Reached skill level 5 in Throwing
  8562 | D:9      | Reached skill level 5 in Armour
  8664 | D:9      | Found a broken altar of Ashenzari.
  8760 | D:9      | Found a stormy altar of Qazlal.
  9537 | D:10     | Entered Level 10 of the Dungeon
  9670 | D:10     | Reached skill level 5 in Shields
  9737 | D:10     | Found a transporter.
  9739 | D:10     | Noticed logorrheac's ghost (novice GnWn)
  9740 | D:10     | Found a transporter.
  9742 | D:10     | Noticed a deep troll
  9742 | D:10     | Noticed a four-headed hydra
  9802 | D:10     | Noticed a mana viper
  9809 | D:10     | a mana viper changed into a salamander
  9969 | D:10     | Identified the +1 mace "Hepp" {freeze, *Slow Str+5 Dex+5}
 10244 | D:11     | Noticed a centaur warrior
 10248 | D:11     | Killed a centaur warrior
 10248 | D:11     | Noticed a two-headed ogre
 10256 | D:11     | Killed a two-headed ogre
 10305 | D:11     | Noticed a two-headed ogre
 10308 | D:11     | Noticed a two-headed ogre
 10312 | D:11     | Killed a two-headed ogre
 10316 | D:11     | Killed a two-headed ogre
 10317 | D:11     | Reached skill level 12 in Axes
 10317 | D:11     | Reached XP level 12. HP: 74/92 MP: 12/12
 10593 | D:11     | Noticed Gastronok
 10602 | D:11     | Killed Gastronok
 10729 | D:11     | Found a staircase to the Lair.
 10799 | D:11     | Noticed a centaur warrior
 10825 | D:11     | Killed a centaur warrior
 10995 | Lair:1   | Entered Level 1 of the Lair of Beasts
 11688 | Lair:1   | Found a runed translucent door.
 11688 | Lair:1   | Noticed ragingrage's ghost (journeyman BaHu)
 12031 | Lair:1   | Killed ragingrage's ghost
 12039 | Lair:1   | Identified the +1 falchion of Likkisih {vamp, rPois Str+5
                  | Dex-2 Stlth+}
 12200 | D:9      | Bought a potion of heal wounds for 60 gold pieces
 12200 | D:9      | Bought a potion of curing for 36 gold pieces
 12200 | D:9      | Bought a potion of haste for 120 gold pieces
 12200 | D:9      | Bought a potion of ambrosia for 96 gold pieces
 12200 | D:9      | Bought a potion of ambrosia for 96 gold pieces
 12200 | D:9      | Bought a potion of ambrosia for 96 gold pieces
 12316 | Lair:2   | Got the Parchment of the Called Squall
 12320 | Lair:2   | Found a staircase to the Shoals.
 12445 | Lair:2   | Noticed a catoblepas
 12456 | Lair:2   | Killed a catoblepas
 12782 | Lair:2   | Noticed a boulder beetle
 12800 | Lair:2   | Killed a boulder beetle
 13238 | Lair:3   | Found a hole to the Spider Nest.
 13506 | Lair:3   | Gained mutation: Your hexes are more powerful. [demonic
                  | ancestry]
 13506 | Lair:3   | Reached XP level 13. HP: 101/101 MP: 13/13
 13714 | Lair:3   | Reached skill level 13 in Axes
 14905 | Lair:4   | Found a frozen archway.
 14916 | Lair:4   | Reached skill level 10 in Fighting
 14924 | IceCv    | Entered an ice cave
 15480 | IceCv    | Noticed a reaper
 15738 | IceCv    | Killed a reaper
 16177 | IceCv    | Identified the +1 leather armour "Gaotocvo" {rF+ Dex+6}
 17275 | Lair:5   | Entered Level 5 of the Lair of Beasts
 17571 | Lair:5   | Identified a scroll of acquirement
 17572 | Lair:5   | Acquired the +4 pair of gloves of the Sharing Gods
                  | {*Corrode Fly rElec Stlth+}
 17638 | Lair:5   | Gained mutation: You have hooves in place of feet. [demonic
                  | ancestry]
 17638 | Lair:5   | Reached XP level 14. HP: 88/111 MP: 12/14
 17954 | Lair:5   | Found a staircase to the Slime Pits.
 17955 | Lair:5   | Found a viscous altar of Jiyva.
 18191 | Lair:5   | Reached skill level 14 in Axes
 19423 | Lair:5   | Upgraded the game from 0.30-a0-135-g630cfc4551 to
                  | 0.30-a0-137-gd8773701ce
 20024 | D:10     | Killed logorrheac's ghost
 20239 | D:12     | Acquired a manual of Armour
 20271 | D:12     | Found a staircase to the Orcish Mines.
 20448 | D:12     | Identified the +4 long sword "Paeple" {vamp, rElec rF+
                  | rCorr Str-4}
 20618 | D:12     | Identified the +3 sling "Pigui" {freeze, Int+3 Dex+4}
 21500 | D:12     | Annihilated by a titanic slime creature

Illustrated notes

Levels and vault maps discovered:
D:1:      dpeg_arrival_refuge, layout_basic, ebering_ecumenical_altar_rust,
          minmay_misc_feat_pillars
D:2:      layout_rooms, uniq_robin
D:3:      layout_loops_ring, serial_shops, nicolae_shop_overgrown_old_shop,
          grunt_ministairs_11
D:4:      layout_loops_ring, chequers_temple_overflow_statue_of_worship,
          lightli_ossuary_entry_decrepit_ruins, kennysheep_donut, uniq_edmund,
          uniq_menkaure
D:5:      layout_loops_cross, okawaru_trees_1,
          mainiacjoe_overflow_six_doors_small
D:6:      layout_basic, general_overflow_altar
D:7:      layout_rooms, amcnicky_altar_gilded, minmay_temple_entry_overgrown,
          kennysheep_generic_room_9, uniq_prince_ribbit1, uniq_duvessa
D:8:      layout_basic, lemuel_crystal_altar, overflow_temple_1_default,
          serial_shops, shop, serial_park_tiny_2
D:9:      layout_basic, nicolae_qazlal_general_emergency, xom_teletrap_fun,
          nicolae_ashenzari_skybound, enter_bailey_3, serial_shops,
          nicolae_stop_n_shop_2, uniq_maggie
D:10:     layout_roguey, gammafunk_ghost_arena, serial_curves, eino_curves_02,
          eino_curves_03, minmay_fountain_box
D:11:     layout_cave_pools, grunt_lair_entry_orc_guard_hut, grunt_tough_drop,
          uniq_gastronok
D:12:     layout_roguey, zombieorc1_lemuel, minmay_hedge_maze,
          serial_park_tiny_pond
Temple:   dpeg_chambers_temple
Lair:1:   layout_loops_ring, ebering_ghost_inner_flame,
          chequers_serial_rivers_large_b, roderic_batcave
Lair:2:   layout_chaotic_city, minmay_shoals_entry_lonely_mermaid,
          grunt_megastairs_1
Lair:3:   layout_roguey, hellmonk_spider_entry_not_the_bees, lemuel_old_faithful
Lair:4:   layout_layer_cave, portal_ice_cave_entry_pillars_1, nzn_random_ring
Lair:5:   gammafunk_lair_ancient_temple, layout_regular_city, slime_entry_1,
          grunt_megastairs_4

Skill      XL: |  1  2  3  4  5  6  7  8  9 10 11 12 13 14 |
---------------+-------------------------------------------+-----
Axes           | 2 3 5 11 12 13 14 | 14.3
Dodging        | 2 3 4 5 6 7 8 |  8.4
Evocations     | 1 2 3 4 5 6 7 8 |  8.9
Throwing       | 1 2 3 4 5 6 7 8 |  8.0
Armour         | 1 2 3 4 5 6 7 8 |  8.2
Shields        | 1 2 3 4 5 6 7 8 |  8.0
Fighting       | 4 5 6 7 9 10 11 | 11.7
Ranged Weapons | |  0.2
Stealth        | |  4.5

Action                   |  1- 3 |  4- 6 |  7- 9 | 10-12 | 13-15 || total
-------------------------+-------+-------+-------+-------+-------++-------
Melee: Hand axe          |   101 |     9 |       |       |       ||   110
       Kick              |    18 |    19 |    52 |    96 |   209 ||   394
       Trident           |       |    37 |       |       |       ||    37
       Whip              |       |    37 |    34 |       |       ||    71
       Broad axe         |       |       |   158 |   326 |   533 ||  1017
 Fire: Sling             |       |       |     4 |       |       ||     4
Throw: Dart              |     4 |     5 |     5 |       |     2 ||    16
Evoke: Wand              |       |     3 |       |       |     7 ||    10
  Use: Scroll            |       |       |     7 |     8 |    13 ||    28
       Potion            |       |       |     1 |       |     1 ||     2
 Stab: Sleeping          |     1 |     3 |     2 |     2 |     6 ||    14
       Distracted        |       |       |     4 |     4 |     6 ||    14
Armor: Chain mail        |    48 |       |       |       |       ||    48
       Ring mail         |    15 |    21 |    51 |     4 |       ||    91
       Swamp dragon scal |       |       |       |    60 |   178 ||   238
Dodge: Dodged            |    32 |    18 |    50 |    81 |   149 ||   330
Block: Tower shield      |       |    45 |   244 |   460 |   599 ||  1348
       Reflection        |       |       |    11 |    70 |     6 ||    87

Table legend: (Time is in decaauts)
 A = Elapsed time spent in this place.
 B = Non-inter-level travel time spent in this place.
 C = Inter-level travel time spent in this place.
 D = Time resting spent in this place.
 E = Time spent auto-exploring this place.
 F = Levels seen in this place.
 G = Mean time per level.
                   A        B        C        D        E       F      G
               +--------+--------+--------+--------+--------+-----+--------+
         Total |  22047 |  20733 |   1314 |    949 |  15932 |  20 | 1102.3 |
       Dungeon |  12660 |  11698 |    962 |    630 |   8858 |  12 | 1055.0 |
        Temple |    175 |    148 |     27 |      0 |    136 |   1 |  175.0 |
          Lair |   7252 |   6928 |    324 |    246 |   5488 |   5 | 1450.4 |
        Bailey |    577 |    577 |      0 |      0 |    421 |   1 |  577.0 |
      Ice Cave |   1381 |   1381 |      0 |     73 |   1028 |   1 | 1381.0 |
               +--------+--------+--------+--------+--------+-----+--------+

Top non-repeatable levels by time:
  Lair:5: 2239 daAuts
     D:4: 1460 daAuts
  Lair:3: 1433 daAuts
   IceCv: 1381 daAuts
     D:9: 1273 daAuts
  Lair:2: 1267 daAuts
  Lair:1: 1231 daAuts
    D:11: 1189 daAuts
     D:8: 1125 daAuts
     D:1: 1116 daAuts
     D:3: 1103 daAuts
  Lair:4: 1080 daAuts
    D:10: 1079 daAuts
    D:12: 978 daAuts
     D:2: 926 daAuts
